 Dungeon Crawl Stone Soup version 0.24-a0-342-gad4687c37d (webtiles) character file.

Game seed: 10909884328332110599

79 nikopol the Firebug (level 4, -9/24 HPs)
             Began as a Deep Elf Fire Elementalist on May 21, 2019.
             Killed from afar by Sigmund (11 damage)
             ... with a puff of flame
             ... on level 2 of the Dungeon.
             The game lasted 00:04:42 (1585 turns).

nikopol the Firebug (Deep Elf Fire Elementalist)    Turns: 1585, Time: 00:04:42

Health: -9/24      AC:  3    Str:  8    XL:     4   Next: 17%
Magic:  3/11       EV: 13    Int: 21    God:
Gold:   71         SH:  0    Dex: 15    Spells: 0/10 levels left

rFire    . . .     SeeInvis .   s - +0 dagger
rCold    . . .     Gourm    .   (no shield)
rNeg     . . .     Faith    .   a - +0 robe
rPois    +         Spirit   .   (no helmet)
rElec    .         Reflect  .   (no cloak)
rCorr    .         Harm     .   (no gloves)
MR       .....                  o - +0 pair of boots
Stlth    ++........             (no amulet)
HPRegen  0.08/turn              b - ring of poison resistance
MPRegen  0.12/turn              g - +3 ring of strength

@: very slightly contaminated
A: no striking features
a: no special abilities


You were on level 2 of the Dungeon.
You were not hungry.

You visited 1 branch of the dungeon, and saw 2 of its levels.

You collected 71 gold pieces.

Inventory:

Hand Weapons
 s - a +0 dagger (weapon)
Armour
 a - a +0 robe (worn)
 o - a +0 pair of boots (worn)
Jewellery
 b - a ring of poison resistance (left hand)
 g - a +3 ring of strength (right hand)
Scrolls
 i - 7 scrolls of identify {unknown}
 j - a scroll of teleportation {unknown}
 k - a scroll of remove curse {unknown}
 l - a scroll of immolation {unknown}
 m - a scroll of enchant weapon {unknown}
 r - a scroll of noise {unknown}
Potions
 d - a potion of curing {unknown}
 e - a potion of magic {unknown}
 f - 2 potions of haste {unknown}
 h - a potion of might {unknown}
 n - a potion of mutation {unknown}
 q - 2 potions of resistance {unknown}
Comestibles
 c - 2 rations
 p - 2 chunks of flesh


   Skills:
 + Level 2.8 Dodging
 + Level 2.7 Stealth
 + Level 3.7 Spellcasting
 + Level 1.7 Conjurations
 + Level 4.7 Fire Magic


You couldn't memorise any spells.
You knew the following spells:

 Your Spells              Type           Power        Failure   Level  Hunger
a - Flame Tongue          Conj/Fire      ###..        3%          1    None
b - Throw Flame           Conj/Fire      ###...       4%          2    ##.....
c - Conjure Flame         Conj/Fire      ###.....     10%         3    ###....
d - Sticky Flame          Conj/Fire      ###.....     32%         4    ####...

Your spell library contained the following spells:

 Spells                   Type           Power        Failure   Level  Hunger
 Inner Flame              Hex/Fire       ##......     14%         3    ###....
 Fireball                 Conj/Fire      ###.......   65%         5    ######.


Dungeon Overview and Level Annotations

Branches:
Dungeon (2/15)

Altars:
The Shining One

Annotations:
D:2 Sigmund


Message History

Press: ? - help, Shift-Dir - straight line, f/p - Sigmund
Aim: Sigmund, wielding a +0 scythe, wearing a +0 robe and carrying a wand of random effects (12) (heavily wounded)
You miscast Throw Flame.
You are very lightly contaminated with residual magic.
Nothing appears to happen.
Sigmund casts a spell at you.
You are confused.
You bump into the rock wall.
Sigmund gestures at you while chanting. The magic dart hits you!
Sigmund's eyes start glowing with a red light.
You bump into the rock wall.
You feel less confused.
Sigmund hits you from afar with a +0 scythe!
Ouch! That really hurt!
* * * LOW HITPOINT WARNING * * *
Sigmund closely misses you. Sigmund gestures at you while chanting.
The puff of flame hits you!
You die...

#.#..# #####...#...##............
.....# #...#...##.####......#
..#.## #...######.#....###..#
###.# ##...### #.#......#..# #.#
#......# ##.#......#... #.#
#.#.##.# #......_......
####.#.##.# #...#.)....#.#
########......##.# #...#......#.#
#.....##÷##.####@###...###....#.#
#.###.##†##........@.......####.#
#.#.[....##.......##............#
#.#.#.#..........>##.##.#..######
#.#.#.#.......##.###.....÷##
..........#.#.##.# #......#
.##.##.####......###.##.#.###
.##.##.# ###.###...........#
.##.##.# #.....#.##..#...#.#


You could see Sigmund.

Vanquished Creatures
  3 adders (D:2)
  A worm (D:2)
  3 dart slugs (D:1)
  2 leopard geckos (D:1)
  A ball python (D:1)
  2 giant cockroaches
  5 goblins
  6 hobgoblins
  A quokka (D:2)
  10 bats
  2 frilled lizards
  6 rats
42 creatures vanquished.

Notes
Turn   | Place    | Note
-------+----------+-------------------------------------------
     0 | D:1      | nikopol the Deep Elf Fire Elementalist began the quest for
                  | the Orb.
     0 | D:1      | Reached XP level 1. HP: 10/10 MP: 6/6
   156 | D:1      | Reached XP level 2. HP: 15/15 MP: 5/8
   192 | D:1      | Reached skill level 4 in Fire Magic
   816 | D:2      | Reached XP level 3. HP: 19/19 MP: 4/9
   820 | D:2      | Learned a level 2 spell: Throw Flame
   824 | D:2      | Learned a level 3 spell: Conjure Flame
   917 | D:2      | Noticed Sigmund
  1227 | D:2      | Found a glowing golden altar of the Shining One.
  1425 | D:2      | Reached XP level 4. HP: 22/24 MP: 4/11
  1498 | D:2      | Learned a level 4 spell: Sticky Flame
  1579 | D:2      | HP: 1/24 [Sigmund/+0 scythe (13)]
  1585 | D:2      | Killed from afar by Sigmund

Levels and vault maps discovered:
D:1:      dpeg_arrival_court, layout_basic, serial_bayou_pond_d,
          palyth_stone_intersect
D:2:      layout_loops_cross, nicolae_overflow_crystal_walls,
          kennysheep_generic_room_5, uniq_sigmund

Skill      XL: |  1  2 |
---------------+-------+-----
Fire Magic     | 4 |  4.7
Dodging        | |  2.8
Stealth        | |  2.7
Spellcasting   | |  3.7
Conjurations   | |  1.7

Action                   |  1- 3 |  4- 6 || total
-------------------------+-------+-------++-------
 Cast: Flame Tongue      |    74 |     3 ||    77
       Throw Flame       |       |     4 ||     4
  Eat: Chunk             |     1 |     1 ||     2
Armor: Robe              |    12 |     1 ||    13
Dodge: Dodged            |    38 |     2 ||    40

Table legend:
 A = Non-vault XP
 B = Vault XP
 C = Vault XP percentage of total XP
 D = Non-vault monster count
 E = Vault monster count
 F = Vault count percentage of total count
                 A         B        C        D         E       F
            +---------+---------+-------+---------+---------+-------
      Total |     112 |       2 |   1.8 |      40 |       2 |   4.8
            +---------+---------+-------+---------+---------+-------
        D:1 |      39 |       0 |   0.0 |      18 |       0 |   0.0
        D:2 |      73 |       2 |   2.7 |      22 |       2 |   8.3
            +---------+---------+-------+---------+---------+-------
